[Event "*** Titled Tuesday Blitz"]
[Site "Chess.com"]
[Date "2020.04.28"]
[Round "1"]
[White "WonderChampion"]
[Black "SCIM"]
[Result "0-1"]
[WhiteElo "1809"]
[BlackElo "2475"]
[TimeControl "180+1"]
[EndTime "10:08:00 PDT"]
[Termination "SCIM won by checkmate"]

1. e4 c5 2. Nf3 e6 3. c4 Nc6 4. Nc3 Nf6 5. d4 cxd4 6. Nxd4 Bb4 7. Nxc6 bxc6 8. Bd3 e5 9. O-O O-O 10. Bd2 Be7 11.
f4 d6 12. Bc2 Qb6+ 13. Kh1 Qxb2 14. Rb1 Qa3 15. fxe5 dxe5 16. Rf3 Bg4 17. Qf1 Bxf3 18. Qxf3 Rfd8 19. Bg5 Qc5 20. Bb3 h6 21. Be3 Qa5 22. Ne2 Rd3 23. Ng3 Bc5 24. Nf5 Bxe3 25. Nxe3 Qd2 26.
Nf1 Rxf3 27. Nxd2 Rd3 28. Nf3 Nxe4 29. Nxe5 Rd2 30. Nxc6 Re8 31. Kg1 Nc3 32. Rf1 Ne2+ 33. Kh1 Nd4 34. Nxd4 Rxd4 35. c5 Rf4 36. Rd1 Rc8 37. h3 Rxc5 38. Kh2 Rf6 39. Rd7 a5 40. Ra7 Rg5 41. Ra8+ Kh7 42. Bc2+ g6 43. Bb3 Rf2 44. Kh1 Rf1+ 45. Kh2 Rf2 46. Kh1 Rfxg2 47. Bd5 Rg1+ 48. Kh2 Rb1 49. Bxf7 Rb2+ 50. Kh1 Rf5 51. Kg1 Rxf7 52.
Rxa5 Rc7 53. Re5 Rc1+ 54. Re1 Rxe1# 0-1

[Event "*** Titled Tuesday Blitz"]
[Site "Chess.com"]
[Date "2020.04.28"]
[Round "1"]
[White "Blitzking642"]
[Black "albi1999"]
[Result "0-1"]
[WhiteElo "2325"]
[BlackElo "2653"]
[TimeControl "180+1"]
[EndTime "10:08:01 PDT"]
[Termination "albi1999 won by resignation"]

1. d4 d5 2. c4 e6 3. Nc3 Nf6 4. cxd5 Nxd5 5. e4 Nxc3 6. bxc3 c5 7. Nf3 cxd4 8. cxd4 Bb4+ 9. Bd2 Bxd2+ 10. Qxd2 O-O 11. Bc4 Nd7 12. O-O b6 13. Rad1 Bb7 14. Rfe1 Rc8 15. Bd3 Qc7 16. h3 Rfd8 17. Qe3 h6 18. Bb1 Qc3 19.
Qf4 Nf8 20. Ne5 f6 21. Nf3 Qc7 22. Qg4 Qf7 23. h4 Qg6 24. Qh3 h5 25. d5 e5 26.
Rc1 Qh6 27. Rxc8 Bxc8 28. Qg3 Bd7 29. Bd3 Rc8 30. Rd1 Bg4 31. Kh2 Rc1 32. Be2 Rxd1 33. Bxd1 Qc1 34. Bb3 Qc5 35. Nd2 b5 36. Nf1 a5 37. Ne3 Bd7 38. Bd1 Qd4 39. Bxh5 Qxe4 40. d6 Qd4 41. Bg4 Qxd6 42. Nf5 Bxf5 43. Bxf5 Qd4 44.
h5 Kf7 45. Qf3 Qf4+ 46. Qxf4 exf4 47. Kh3 Ne6 48. Kg4 b4 49. Bd3 Ke7 50. Bc4 a4 51. Kf5 Nc5 52. Kxf4 b3 53. axb3 axb3 54. Kf5 b2 55.
Ba2 Na4 56. Kg6 Nc3 57. Bb1 Nxb1 58. h6 0-1

[Event "*** Titled Tuesday Blitz"]
[Site "Chess.com"]
[Date "2020.04.28"]
[Round "1"]
[White "MariaFominykh"]
[Black "manitodeplomo"]
[Result "0-1"]
[WhiteElo "2291"]
[BlackElo "2633"]
[TimeControl "180+1"]
[EndTime "10:08:01 PDT"]
[Termination "manitodeplomo won on time"]

1. d4 c5 2. d5 g6 3. Nc3 Bg7 4. e4 d6 5. Nf3 Nf6 6. Be2 O-O 7.
O-O Na6 8. h3 Nc7 9. a4 b6 10.
Re1 a6 11. e5 Nfe8 12. Bf4 Bb7 13. Qd2 f6 14. exd6 exd6 15. Bh6 g5 16. Bxg7 Nxg7 17.
Bc4 h6 18. Qd3 f5 19. Re2 Re8 20. Rae1 Rxe2 21. Qxe2 Kf7 22. Nh2 Qf6 23. Qf3 Re8 24.
Rxe8 Kxe8 25. Nf1 Qd4 26. Qe2+ Qe5 27. Qxe5+ dxe5 28. d6 Nce6 29. Ne3 Kd7 30. Ncd5 Bxd5 31. Nxd5 b5 32. axb5 axb5 33. Bxb5+ Kxd6 34. Nc3 Nd4 35. Ba4 e4 36. Kf1 Nge6 37. Ne2 Ke5 38. c3 Nxe2 39. Kxe2 Nf4+ 40. Kf1 Nd3 41. b3 f4 42. Ke2 f3+ 43. gxf3 Nf4+ 44. Ke3 exf3 45. Kxf3 Nxh3 46. Kg3 Nf4 47.
b4 c4 48. Bb5 Kd5 49. Kg4 Ne2 50. Kh5 Nxc3 51. Bd7 Ne4 0-1

[Event "*** Titled Tuesday Blitz"]
[Site "Chess.com"]
[Date "2020.04.28"]
[Round "1"]
[White "Vamostodorecto"]
[Black "gmelviro"]
[Result "0-1"]
[WhiteElo "2501"]
[BlackElo "2152"]
[TimeControl "180+1"]
[EndTime "10:08:01 PDT"]
[Termination "gmelviro won on time"]

1. d4 f5 2. e4 fxe4 3. Nc3 Nf6 4.
Bg5 Nc6 5. d5 Ne5 6. Qe2 d6 7.
Bxf6 exf6 8. Qxe4 Be7 9. f4 Nf7 10. O-O-O O-O 11. Nf3 f5 12. Qe3 Bf6 13. Nd4 Re8 14.
Ne6 Qe7 15. Bc4 Nd8 16. Rhe1 Nxe6 17. dxe6 c6 18. Qd3 Bxc3 19. Qxc3 d5 20. Bd3 g6 21. g4 fxg4 22. Kb1 Qg7 23. Re5 Bxe6 24. Rde1 Bf7 25. Qb4 Rxe5 26. Rxe5 Re8 27. Qd6 Qf8 28. Qc7 Rb8 29.
a3 Qd8 30. Re7 Qxc7 31. Rxc7 Kf8 32. f5 gxf5 33. Bxf5 h5 34. Kc1 a6 35. Bc8 Rxc8 36.
Rxc8+ Ke7 37. Rc7+ Kf6 38. Rxb7 h4 39. Kd2 g3 40.
hxg3 h3 41. Rb6 h2 42. Rxc6+ Kg5 43. Rxa6 h1=Q 44. Kc3 Qg2 45. Kb4 Qxg3 46. Kc5 Qc7+ 0-1

[Event "*** Titled Tuesday Blitz"]
[Site "Chess.com"]
[Date "2020.04.28"]
[Round "1"]
[White "827883"]
[Black "Kavyev_Ruslan"]
[Result "1-0"]
[WhiteElo "2158"]
[BlackElo "2501"]
[TimeControl "180+1"]
[EndTime "10:08:02 PDT"]
[Termination "827883 won by checkmate"]

1. e4 c5 2. Nf3 d6 3. d4 cxd4 4. Nxd4 Nf6 5. Nc3 a6 6. f4 Qc7 7. a4 e5 8. Nf3 Be7 9. Bd3 O-O 10. O-O b6 11. Kh1 Bb7 12. Nh4 Re8 13. Nf5 Bf8 14.
fxe5 dxe5 15. Qf3 Nbd7 16. Bg5 Kh8 17. Qh3 Re6 18. Rf3 Rd8 19. Raf1 Nc5 20. Bc4 Ncxe4 21. Bxf6 Rxf6 22. Bd3 Nxc3 23. Nxg7 e4 24. Rxf6 Bxg7 25. Rxf7 Qc6 26. bxc3 exd3 27. cxd3 Ba8 28. Qg4 Qg6 29.
Qh3 Bc6 30. d4 Bxa4 31. Qh4 Rg8 32. R7f3 Bc6 33. Rg3 Qh6 34. Qxh6 Bxh6 35. Rxg8+ Kxg8 36. Rf6 Bd2 37. Rxc6 a5 38. c4 Be3 39. Rxb6 Bxd4 40.
Ra6 Bc3 41. g4 Kf7 42. Kg2 Ke7 43. Kf3 h6 44. h3 Bd2 45. Ke4 Kd7 46. Kd5 Kc7 47. Kc5 Kb7 48. Kb5 Kc7 49. Rg6 Kb8 50. h4 Kc7 51. h5 Kb7 52. c5 Kc8 53. Kc6 Kd8 54. Kb7 Ke7 55. c6 Bf4 56. c7 Bxc7 57.
Kxc7 a4 58. Rxh6 a3 59. Ra6 a2 60. Rxa2 Kf7 61. Rg2 Kg8 62. Kd6 Kh7 63. Ke6 Kh8 64. Kf6 Kg8 65. Kg6 Kh8 66. Rf2 Kg8 67. Rf1 Kh8 68.
Rf8# 1-0

[Event "*** Titled Tuesday Blitz"]
[Site "Chess.com"]
[Date "2020.04.28"]
[Round "1"]
[White "RaunakSadhwani2005"]
[Black "Hasangatin_Ramil"]
[Result "1-0"]
[WhiteElo "2884"]
[BlackElo "2451"]
[TimeControl "180+1"]
[EndTime "10:08:03 PDT"]
[Termination "RaunakSadhwani2005 won on time"]

1. e4 c5 2. Nc3 e6 3. Nge2 Nc6 4. d4 cxd4 5. Nxd4 Bb4 6. Be3 Nf6 7. Bd3 d5 8. Nxc6 bxc6 9. Bd2 dxe4 10. Nxe4 Nxe4 11.
Bxe4 Qxd2+ 12. Qxd2 Bxd2+ 13. Kxd2 Bb7 14. Kc3 O-O-O 15. Rad1 Kc7 16. h4 c5 17. Rxd8 Rxd8 18. Bxh7 g6 19. h5 Rh8 20. hxg6 fxg6 21. f3 Bd5 22.
Rh3 Kd6 23. Bxg6 Rxh3 24. gxh3 Bxf3 25. Kd2 Bd5 26. a4 a5 27. Ke3 Ke5 28. h4 Bc6 29. b3 c4 30. h5 cxb3 31. cxb3 Kf6 32. Be4 Bd7 33. h6 e5 34. h7 Kg7 35. Kd2 Be6 36. Kc3 Bf7 37. Bc2 Be6 38. Kd2 Bf7 39. Ke3 Bd5 40. Kd3 Kh8 41. Kc3 Kg7 42. b4 axb4+ 43.
Kxb4 Bc6 44. a5 e4 45. Kc5 Bb7 46. Kd4 e3 47. Kxe3 Ba6 48. Kd4 Bb5 49. Bd3 Bc6 50.
a6 Bf3 51. a7 1-0

[Event "*** Titled Tuesday Blitz"]
[Site "Chess.com"]
[Date "2020.04.28"]
[Round "1"]
[White "ChessQueen"]
[Black "TERMINATOR_PC"]
[Result "1-0"]
[WhiteElo "2735"]
[BlackElo "2388"]
[TimeControl "180+1"]
[EndTime "10:08:03 PDT"]
[Termination "ChessQueen won on time"]

1. e4 Nf6 2. e5 Nd5 3. d4 d6 4. Nf3 dxe5 5. Nxe5 c6 6. Bc4 Nd7 7. Nf3 g6 8. O-O Bg7 9. Bb3 O-O 10. c4 N5f6 11.
Nc3 Re8 12. Re1 Qc7 13. Qe2 Nf8 14. h3 Bf5 15. Ne5 N6d7 16. Ng4 Bxg4 17. Qxg4 e5 18. d5 Nc5 19. Bc2 f5 20. Qh4 e4 21.
Bf4 Qf7 22. Rad1 Rad8 23. Qg3 h6 24. h4 Kh7 25. b4 Na6 26. a3 c5 27. b5 Nb8 28. Nxe4 fxe4 29. Bxe4 Kh8 30. Bc7 Rc8 31. Bd6 Nbd7 32. Bc2 Rxe1+ 33. Rxe1 Re8 34. Rxe8 Qxe8 35. Qf4 Qe1+ 36. Kh2 Be5 37. Bxe5+ Qxe5 38. Qxe5+ Nxe5 39. Bb3 Kg7 40. f4 Nd3 41. Kg3 g5 42. hxg5 hxg5 43. fxg5 Nd7 44. Kg4 Kg6 45. Bc2 Ne5+ 46. Kh4 b6 47. a4 Kg7 48. Kg3 Nb2 49. Kf4 Nexc4 50. Bb3 Nd6 51. Ke5 Nbc4+ 52. Ke6 Kg6 53. Kd7 Kxg5 54. Kc7 Kf5 55. Kb8 Ke5 56. Kxa7 Kxd5 57.
a5 bxa5 58. b6 Nc8+ 59. Ka6 Nxb6 60. Kb5 a4 61. Ba2 1-0

[Event "*** Titled Tuesday Blitz"]
[Site "Chess.com"]
[Date "2020.04.28"]
[Round "1"]
[White "gross-aleks"]
[Black "APotatoInthekitchen"]
[Result "1-0"]
[WhiteElo "2525"]
[BlackElo "2161"]
[TimeControl "180+1"]
[EndTime "10:08:03 PDT"]
[Termination "gross-aleks won by resignation"]

1. c4 Nf6 2. Nf3 g6 3. b3 Bg7 4.
Bb2 O-O 5. e3 d6 6. d4 Nbd7 7.
Qc2 c5 8. d5 b5 9. Nbd2 Rb8 10. e4 bxc4 11. Nxc4 Ba6 12. Nfd2 Nb6 13. Rd1 Nxc4 14. Bxc4 Nd7 15. Bxa6 Qa5 16. Bxg7 Kxg7 17.
Bc4 Ne5 18. O-O f5 19. f4 Nxc4 20. Nxc4 Qb4 21. Rde1 a5 22. exf5 Rxf5 23. Rxe7+ Kg8 24. Qe4 Rbf8 25. Qe6+ Kh8 26. Qxd6 a4 27. g4 R5f6 28. Qe5 axb3 29. axb3 Kg8 30. g5 R6f7 31. Rxf7 Rxf7 32. Nd6 Rf8 33. Qe6+ Kh8 34. Qe5+ Kg8 35. f5 Qg4+ 36. Kh1 Qxg5 37. Qe6+ Kh8 38. Qf7 Qd8 39. Qe6 Rf6 40. Nf7+ Rxf7 41. Qxf7 Qa8 42. fxg6 hxg6 43. Qe6 Kg7 44.
Qf6+ Kh6 45. Qe5 Qb7 46. h4 Qxb3 47. Qf4+ Kg7 48. d6 Qh3+ 49. Kg1 Qd7 50. Qf6+ Kh6 51. Qg5+ Kg7 52. Re1 Qxd6 53. Re7+ Kf8 54. Re5 Qd4+ 55. Kg2 Qb2+ 56. Kg3 Qc3+ 57. Re3 Qd4 58. Qf4+ Qxf4+ 59. Kxf4 Kf7 60. Kg5 c4 61. Rc3 Ke6 62. Rxc4 Ke5 63.
Rf4 Kd5 64. Rf6 Ke5 65. Rxg6 Ke4 66. h5 Ke3 67. h6 Ke2 68. h7 Kd3 1-0

[Event "*** Titled Tuesday Blitz"]
[Site "Chess.com"]
[Date "2020.04.28"]
[Round "1"]
[White "Semen_Khanin"]
[Black "otrov-11"]
[Result "0-1"]
[WhiteElo "2710"]
[BlackElo "2410"]
[TimeControl "180+1"]
[EndTime "10:08:04 PDT"]
[Termination "otrov-11 won by resignation"]

1. e4 e6 2. d4 d5 3. e5 c5 4. c3 Qb6 5. Nf3 Nc6 6. Na3 cxd4 7. cxd4 Bb4+ 8. Bd2 Bd7 9. Nb5 Nge7 10. Bxb4 Nxb4 11. Nd6+ Kf8 12. a3 Nbc6 13. Qd2 Nc8 14. Nxc8 Rxc8 15. Be2 Na5 16. Qf4 Nb3 17. Rd1 Qa5+ 18. Kf1 h6 19. g3 Bb5 20. Bxb5 Qxb5+ 21. Kg2 Ke7 22. Qh4+ Kd7 23. Qg4 Rhg8 24. Nd2 Rc2 25. Nxb3 Qxb3 26.
Qf4 Ke7 27. Rc1 Rgc8 28. Rxc2 Rxc2 29. Qh4+ Ke8 30. Re1 Qxb2 31. Qf4 Rc4 32. Rd1 Qxa3 33. Rd2 b5 34. Re2 Qd3 35. Rd2 Qe4+ 36. Qxe4 dxe4 37.
Ra2 Rc7 38. Kf1 b4 39. Ke2 b3 40. Rb2 Rc2+ 41. Rxc2 bxc2 42. Kd2 Kd7 43. Kxc2 Kc6 44. Kb3 Kd5 45. Kc3 a5 46. h3 a4 47. Kb4 Kxd4 48.
Kxa4 Kxe5 49. Kb3 e3 50. fxe3 Ke4 0-1

[Event "*** Titled Tuesday Blitz"]
[Site "Chess.com"]
[Date "2020.04.28"]
[Round "1"]
[White "WelshTiger"]
[Black "Berardino"]
[Result "0-1"]
[WhiteElo "2337"]
[BlackElo "2667"]
[TimeControl "180+1"]
[EndTime "10:08:04 PDT"]
[Termination "Berardino won by resignation"]

1. e4 c5 2. Nf3 b6 3. d4 cxd4 4. Nxd4 Bb7 5. Bd3 Nc6 6. Nxc6 Bxc6 7. O-O e6 8. c4 Bc5 9. Nc3 Qh4 10. Be3 Nf6 11.
Bxc5 bxc5 12. f3 O-O 13. Qe1 Qxe1 14. Rfxe1 Rfb8 15. b3 a5 16. e5 Ne8 17. Nb5 Bxb5 18. cxb5 Kf8 19. a4 Ke7 20. Be4 Ra7 21. Rac1 Rc7 22.
Re2 d5 23. exd6+ Nxd6 24. Bc6 Nc8 25. Rxc5 Nb6 26. Rec2 Rbc8 27. Kf2 g6 28. Kg3 h5 29. Kf4 Rd8 30. Ke3 Rd1 31. Be4 Rcd7 32. Rc7 Re1+ 33.
Kf2 Rb1 34. Rxd7+ Nxd7 35. Rc3 Rb2+ 36. Ke3 Kd6 37. f4 Nc5 38. Bc2 Ra2 39. Kd4 Nd7 40.
Rc6+ Ke7 41. b6 Nxb6 42. Rxb6 Rxc2 43. Rb5 Rxg2 44. Rxa5 Rxh2 45. Rc5 Ra2 46. a5 h4 47. b4 h3 48. Rc3 h2 49. Rh3 Kf6 50. Kc5 Kf5 51.
Kb6 Kxf4 52. a6 g5 53. a7 g4 54. Rxh2 Rxh2 55. a8=Q f5 56. Qb8+ e5 57. Kc5 g3 58.
Kd5 Rd2+ 59. Ke6 Re2 60. Qf8 g2 61. Qxf5+ Kg3 62. Qg5+ Kf2 63. Qh4+ Kf1 64. Qf6+ Rf2 65. Qxe5 Re2 66. Qxe2+ Kxe2 67. b5 g1=Q 68. Kd6 Qb6+ 0-1

[Event "*** Titled Tuesday Blitz"]
[Site "Chess.com"]
[Date "2020.04.28"]
[Round "1"]
[White "kingnb"]
[Black "GM_Levan_Pantsulaia"]
[Result "1/2-1/2"]
[WhiteElo "2438"]
[BlackElo "2815"]
[TimeControl "180+1"]
[EndTime "10:08:05 PDT"]
[Termination "Game drawn - insufficient material"]

1. d4 Nf6 2. Nf3 c5 3. e3 g6 4. Be2 Bg7 5. O-O O-O 6. b3 b6 7. Bb2 Bb7 8. c4 cxd4 9. Nxd4 Nc6 10. Bf3 Qb8 11. Nxc6 Bxc6 12. Bxc6 dxc6 13. Qf3 Ng4 14. Qxg4 Bxb2 15. Nd2 Bxa1 16. Rxa1 Qe5 17. Rb1 Rad8 18. Nf3 Qf5 19. Qxf5 gxf5 20. Nd4 e6 21.
Nxc6 Rd2 22. Nxa7 Ra8 23. Nc6 Rdxa2 24. g3 Ra1 25. Rxa1 Rxa1+ 26. Kg2 Rb1 27. b4 Kg7 28. b5 Kf6 29. Na7 Rc1 30. Nc8 Rxc4 31. Nxb6 Rb4 32. Nd7+ Ke7 33. Ne5 Rxb5 34. Nc6+ Kf6 35. h4 Rb2 36. Nd4 e5 37. Nf3 h6 38. Ne1 Ke6 39. Kf3 Kd5 40. Kg2 Kc4 41. Nf3 f6 42. h5 Kd3 43. Nh4 Ke4 44. Ng6 Rb8 45. Nh4 f4 46. exf4 exf4 47. f3+ Ke5 48. Ng6+ Kf5 49. Nxf4 Rb2+ 50. Kh3 Rf2 51. Ng6 Rxf3 52. Nh4+ Ke4 53. Nxf3 Kxf3 54. Kh4 f5 55. Kh3 Ke3 56. Kh4 Ke4 57. g4 f4 58. g5 hxg5+ 59. Kxg5 f3 60. h6 f2 61. h7 f1=Q 62. h8=Q Qg2+ 63. Kh6 Qh3+ 64. Kg7 Qg3+ 65. Kh7 Qh4+ 66. Kg8 Qxh8+ 67. Kxh8 1/2-1/2

[Event "*** Titled Tuesday Blitz"]
[Site "Chess.com"]
[Date "2020.04.28"]
[Round "1"]
[White "DanielTitichoca"]
[Black "BaMBoMaTTo"]
[Result "0-1"]
[WhiteElo "2304"]
[BlackElo "2629"]
[TimeControl "180+1"]
[EndTime "10:08:05 PDT"]
[Termination "BaMBoMaTTo won by checkmate"]

1. e4 c5 2. Nf3 d6 3. d4 cxd4 4.
Nxd4 Nf6 5. Nc3 a6 6. Bg5 e6 7.
f4 h6 8. Bh4 Qb6 9. Nb3 Be7 10.
Qe2 Nbd7 11. O-O-O Qc7 12. g3 b5 13. Bg2 Bb7 14. e5 dxe5 15. Bxb7 Qxb7 16. fxe5 g5 17. exf6 Nxf6 18. Rhf1 Rc8 19. Kb1 b4 20. Na4 Qb5 21. Qxb5+ axb5 22. Nb6 Rc6 23. Na8 gxh4 24. Nd4 Rc5 25. Nxb5 O-O 26. Nac7 Rb8 27. gxh4 Rbxb5 28. Nxb5 Rxb5 29. Rd4 Nd5 30. Rg1+ Kf8 31. Rdg4 Bf6 32.
Rg8+ Ke7 33. Rc8 Bxh4 34. Rgg8 Rb7 35. Rh8 Bg5 36. h4 Be3 37. h5 Bg5 38. Rhf8 Nf4 39. Rce8+ Kf6 40. Rc8 Nxh5 41. a4 bxa3 42. b3 Nf4 43.
Ka2 Ng6 44. Rfd8 Bc1 45. c4 Ne7 46. Ra8 Nc6 47. Rdc8 Nb4+ 48. Ka1 Bb2+ 49. Kb1 Rd7 50. c5 Rd1# 0-1

[Event "*** Titled Tuesday Blitz"]
[Site "Chess.com"]
[Date "2020.04.28"]
[Round "1"]
[White "Jabberwockiez"]
[Black "chessdjw"]
[Result "1-0"]
[WhiteElo "2296"]
[BlackElo "2589"]
[TimeControl "180+1"]
[EndTime "10:08:05 PDT"]
[Termination "Jabberwockiez won on time"]

1. e4 c5 2. Nc3 d6 3. Nf3 Nf6 4. d4 cxd4 5. Nxd4 a6 6. Be3 e6 7. f4 b5 8. e5 b4 9. exf6 bxc3 10. fxg7 Bxg7 11. bxc3 Bb7 12. Qg4 Bf6 13. Rb1 h5 14. Qh3 Qc7 15. Nxe6 Bxc3+ 16. Kf2 fxe6 17. Qxe6+ Kf8 18.
Qf5+ Ke7 19. Bc4 Nd7 20. Qf7+ Kd8 21. Rhd1 Rf8 22. Qh7 Ne5 23. Bb6 Rxf4+ 24. Kg1 Rxc4 25. Rxd6+ Ke8 26. Qg8+ Ke7 27. Qe6+ Kf8 28. Bxc7 Rxc7 29. Rf1+ Nf7 30. Qh6+ Bg7 31. Qh7 Re8 32. Rg6 Bd4+ 33. Kh1 Bd5 34. Rg8+ Ke7 35. Rxe8+ Kxe8 36. Qg8+ Ke7 37.
Qg6 Be5 38. Re1 Rc3 39. Qf5 Kd6 40. Qg6+ Kc5 41. Qxh5 Rxc2 42. h4 Bxg2+ 43. Kg1 Kc4 44. Rxe5 Nxe5 45. Qxe5 Bd5 46. Qf4+ Kc5 47. Qf5 Rxa2 48.
h5 Rg2+ 49. Kf1 Rh2 50. Qf8+ 1-0

[Event "*** Titled Tuesday Blitz"]
[Site "Chess.com"]
[Date "2020.04.28"]
[Round "1"]
[White "hypert"]
[Black "VqquyenCFT"]
[Result "1-0"]
[WhiteElo "2535"]
[BlackElo "2187"]
[TimeControl "180+1"]
[EndTime "10:08:05 PDT"]
[Termination "hypert won by resignation"]

1. Nf3 Nf6 2. g3 g6 3. Bg2 Bg7 4. O-O O-O 5. d4 d5 6. a4 Bf5 7.
a5 c5 8. dxc5 Na6 9. Be3 Qc7 10. Nd4 Bd7 11. Nb3 Bc6 12. c3 Ng4 13. Bf4 e5 14. Bg5 h6 15. Bd2 Rad8 16. Qc1 Kh7 17. h3 Nf6 18. Be3 Bb5 19. Re1 Bc4 20.
N1d2 Nd7 21. Nxc4 dxc4 22. Nd2 Ndxc5 23. Qc2 Ne6 24. Ra4 Rd7 25. Bxa7 Nec5 26. Bb6 Qd6 27. Nxc4 Qe6 28. Bxc5 Nxc5 29. Nb6 Nxa4 30. Nxd7 Qxd7 31. b4 b5 32. axb6 Nxb6 33. c4 Rc8 34. c5 Nd5 35.
Qd2 Rd8 36. Rd1 Nf6 37. Qxd7 Rxd7 38. Rb1 Bf8 39. c6 Rd2 40. b5 Rc2 41. b6 Bd6 42. Rd1 Ne8 43. b7 Rb2 44. h4 Kg7 45. h5 Kf6 46. hxg6 fxg6 47. Rd3 Ke7 48. Bd5 Kd8 49. e4 Kc7 50. Rf3 Rd2 51. Rf7+ Kb8 52. Rh7 Nc7 53. Rh8+ Ka7 54. b8=Q+ 1-0

[Event "*** Titled Tuesday Blitz"]
[Site "Chess.com"]
[Date "2020.04.28"]
[Round "1"]
[White "pedromartinez91"]
[Black "Spartakus1975"]
[Result "1/2-1/2"]
[WhiteElo "2398"]
[BlackElo "2731"]
[TimeControl "180+1"]
[EndTime "10:08:06 PDT"]
[Termination "Game drawn by repetition"]

1. e4 e6 2. d4 d5 3. Nc3 Nf6 4.
Bg5 Bb4 5. e5 h6 6. Bd2 Bxc3 7.
Bxc3 Ne4 8. Bb4 c5 9. Bxc5 Nxc5 10. dxc5 Qa5+ 11. c3 Qxc5 12. Qg4 O-O 13. Nf3 Nc6 14. Be2 f6 15. exf6 Rxf6 16. O-O e5 17. Qg3 e4 18. Ne5 Be6 19. Kh1 Raf8 20. f4 Nxe5 21. fxe5 Rxf1+ 22. Rxf1 Rxf1+ 23. Bxf1 d4 24. cxd4 Qxd4 25. b3 Qd1 26. Kg1 Qd4+ 27. Qf2 e3 28.
Qe2 Qxe5 29. Qb5 Qxb5 30. Bxb5 Kf7 31. Kf1 Bd5 32. g3 Bf3 33. Be2 Be4 34. Bc4+ Kf6 35.
Ke2 Bb1 36. a4 Ke5 37. Kxe3 a5 38. h4 b6 39. Bg8 Bc2 40. Bc4 Kf5 41. Kf3 Be4+ 42.
Kf2 g5 43. hxg5 hxg5 44. Ke3 Ke5 45. Bg8 Bd5 46. Bxd5 Kxd5 47. Kd3 Kc5 48. Kc3 g4 49.
Kd3 Kb4 50. Kc2 Ka3 51. Kc3 Ka2 52. Kc2 Ka3 53. Kc3 Ka2 54. Kc2 Ka3 1/2-1/2

[Event "*** Titled Tuesday Blitz"]
[Site "Chess.com"]
[Date "2020.04.28"]
[Round "1"]
[White "goofypenguin96"]
[Black "Tashik"]
[Result "0-1"]
[WhiteElo "2156"]
[BlackElo "2524"]
[TimeControl "180+1"]
[EndTime "10:08:06 PDT"]
[Termination "Tashik won by resignation"]

1. e4 e5 2. Nf3 Nc6 3. Bc4 Bc5 4. O-O Nf6 5. d4 Bxd4 6. Nxd4 Nxd4 7. Bg5 Qe7 8. Nc3 c6 9. Ne2 Ne6 10. Bxf6 Qxf6 11.
Qd3 O-O 12. Rad1 b5 13. Bb3 Nc5 14. Qe3 d6 15. f4 Bg4 16. f5 a5 17. c3 Nxb3 18.
axb3 a4 19. bxa4 Rxa4 20. Rd2 Bxe2 21. Qxe2 b4 22. Rfd1 bxc3 23. bxc3 Rd8 24. Qe3 h6 25. h3 Qh4 26. Rxd6 Rxd6 27. Rxd6 Rxe4 28. Qf3 Re1+ 29.
Kh2 e4 30. Qg3 Qxg3+ 31. Kxg3 Re3+ 32. Kf4 Rxc3 33. Kxe4 f6 34. Rd8+ Kh7 35. Kf4 h5 36. Rc8 Rc4+ 37. Kf3 Kh6 38. Rc7 h4 39. Rd7 c5 40.
Rc7 Rc2 41. Kg4 Rxg2+ 42. Kxh4 Rc2 43. Rc8 Kh7 44. Kh5 c4 45. h4 c3 46. Rc7 Rc1 47.
Rxg7+ Kxg7 0-1

[Event "*** Titled Tuesday Blitz"]
[Site "Chess.com"]
[Date "2020.04.28"]
[Round "1"]
[White "Byniolus"]
[Black "Tsubasa"]
[Result "1-0"]
[WhiteElo "2767"]
[BlackElo "2412"]
[TimeControl "180+1"]
[EndTime "10:08:07 PDT"]
[Termination "Byniolus won on time"]

1. d4 Nf6 2. Bf4 c5 3. e3 e6 4. c3 Nc6 5. Nd2 Be7 6. Ngf3 Nh5 7. Bg3 Nxg3 8. hxg3 h6 9. Qc2 b6 10. O-O-O Bb7 11.
Kb1 Qc7 12. g4 O-O-O 13. Bd3 d5 14. Bb5 Kb8 15. Bxc6 Bxc6 16. Ne5 Rhf8 17. f4 Bb7 18. Ndf3 Bd6 19. Qh7 f6 20. Ng6 Rg8 21. g5 hxg5 22. fxg5 e5 23. Qh5 e4 24. Nfh4 Qf7 25. Nf5 Bc7 26. g4 fxg5 27. Qxg5 Qf6 28. Qh5 Ba6 29.
Rd2 Bd3+ 30. Ka1 Rde8 31. a3 cxd4 32. exd4 Bc4 33. Ne3 Re6 34. Nh4 Bf4 35. Nxc4 dxc4 36. Re2 g5 37. Nf5 e3 38. Qh7 Ree8 39. Qd7 Qe6 40.
Qb5 Qe4 41. Rhe1 Qf3 42. d5 Qxg4 43. d6 Re5 44. Qxc4 Rc8 45. d7 Rxc4 46. d8=Q+ Rc8 47. Qd6+ Kb7 48. Ne7 Rc7 49. Nd5 Rxd5 50. Qxd5+ Kb8 51. Rg2 Qc8 52. Rh1 Rd7 53. Qf3 Qd8 54. Ka2 Kc7 55.
c4 Qg8 56. Qxf4+ 1-0

[Event "*** Titled Tuesday Blitz"]
[Site "Chess.com"]
[Date "2020.04.28"]
[Round "1"]
[White "Supernotar"]
[Black "The_Machine04"]
[Result "1-0"]
[WhiteElo "2611"]
[BlackElo "2289"]
[TimeControl "180+1"]
[EndTime "10:08:07 PDT"]
[Termination "Supernotar won by resignation"]

1. d4 d6 2. c4 e5 3. Nc3 exd4 4. Qxd4 Nc6 5. Qd2 g6 6. b3 Bg7 7. Bb2 Nf6 8. g3 O-O 9. Bg2 a5 10. Nh3 Bxh3 11. Bxh3 Re8 12. O-O Ne4 13. Nxe4 Rxe4 14. Bg2 Bxb2 15. Qxb2 Re5 16. Rad1 Qe7 17. e3 Re8 18. h4 h6 19. Rd5 Kh7 20. Rfd1 Qf6 21. Qd2 Rxd5 22. cxd5 Ne5 23. Qxa5 Nf3+ 24. Bxf3 Qxf3 25.
Re1 b6 26. Qc3 Ra8 27. a4 Qxd5 28. Qxc7 Qxb3 29. Qxd6 Rxa4 30. Rc1 Qe6 31. Qxe6 fxe6 32. Rc7+ Kg8 33. Rc6 Kf7 34. Rxb6 Kf6 35. Kg2 h5 36. Kf3 Kf5 37. Rd6 Ke5 38. Rd8 Kf5 39.
Rf8+ Ke5 40. Rf4 Ra3 41. Rd4 Kf5 42. Rf4+ Ke5 43. g4 hxg4+ 44. Rxg4 Kf6 45. Rf4+ Kg7 46. Rd4 Kf6 47. Kg4 Ra5 48. Rf4+ Kg7 49. Kf3 Ra3 50. Rg4 Kf6 51. Rb4 Ra2 52. Rb5 Ra4 53. h5 gxh5 54. Rxh5 Ke7 55. Rg5 Kf6 56. Rg4 Kf5 57.
Rxa4 1-0

[Event "*** Titled Tuesday Blitz"]
[Site "Chess.com"]
[Date "2020.04.28"]
[Round "1"]
[White "BronceYSueno"]
[Black "ChessTraining77"]
[Result "0-1"]
[WhiteElo "2197"]
[BlackElo "2547"]
[TimeControl "180+1"]
[EndTime "10:08:07 PDT"]
[Termination "ChessTraining77 won by resignation"]

1. Nf3 d5 2. c4 c6 3. b3 Nf6 4. Bb2 Bf5 5. g3 e6 6. Bg2 Nbd7 7. O-O h6 8. d3 Bd6 9. Nbd2 Bh7 10. Rc1 Qe7 11. Re1 O-O 12. e4 dxe4 13. dxe4 e5 14. Qe2 Ba3 15. Bxa3 Qxa3 16. Nb1 Qe7 17. Nc3 Nc5 18. b4 Ne6 19. c5 Rad8 20. Qb2 Nd4 21. Rcd1 Rd7 22. Nd2 b5 23. Nb3 Rfd8 24.
f3 Ne8 25. Kh1 Nc7 26. Ne2 Nxb3 27. Qxb3 Ne6 28. Rxd7 Qxd7 29. Kg1 Qd2 30. Kf1 Rd3 31.
Qb1 Ng5 32. Ng1 Qc3 33. Rc1 Qd4 34. Ne2 Qe3 35. Rd1 Rd2 36. Rxd2 Qxd2 37. Qc1 Qxb4 38. Qd1 Bg6 39. Qd6 Qb1+ 40. Kf2 Ne6 41. Qxe5 Qxa2 42. f4 Qd2 43. f5 Bh5 44. Bf3 Bxf3 45. Kxf3 Ng5+ 46.
Kf2 Qd3 47. Nc3 Qf3+ 48. Ke1 Qh1+ 49. Kd2 Qxh2+ 50. Ne2 Qf2 51. Qb8+ Kh7 52. Qxa7 Nxe4+ 53. Kd1 Qf1+ 54. Kc2 Qxe2+ 55. Kb1 Qd1+ 0-1

[Event "*** Titled Tuesday Blitz"]
[Site "Chess.com"]
[Date "2020.04.28"]
[Round "1"]
[White "asimali1977"]
[Black "Two_Towers_Krakow"]
[Result "0-1"]
[WhiteElo "2005"]
[BlackElo "2483"]
[TimeControl "180+1"]
[EndTime "10:08:07 PDT"]
[Termination "Two_Towers_Krakow won by checkmate"]

1. Nf3 Nf6 2. g3 g6 3. Bg2 Bg7 4. O-O O-O 5. d3 c6 6. Nbd2 d6 7. e4 e5 8. Re1 h6 9. c3 Re8 10. Qc2 a5 11. d4 Nbd7 12. b3 Qc7 13. a3 Nb6 14. Bb2 exd4 15. cxd4 d5 16. e5 Bf5 17. Qc3 Ne4 18. Nxe4 Bxe4 19. Rac1 a4 20. b4 Nc4 21. Nd2 Bxg2 22. Nxc4 dxc4 23. Kxg2 b5 24. Rcd1 Rad8 25.
Qf3 Qd7 26. Bc3 Re6 27. Re4 Qd5 28. Rf4 Qxf3+ 29. Kxf3 Bxe5 30. Re4 Bg7 31. Rxe6 fxe6 32. Ke4 Kf7 33. f4 Rd5 34. g4 h5 35. h3 Bf6 36.
Rf1 Ke7 37. f5 exf5+ 38. gxf5 gxf5+ 39. Rxf5 Rxf5 40. Kxf5 Kf7 41. Ke4 Ke6 42. Bd2 Bh4 43.
Bc1 Be1 44. Be3 Bc3 45. Bc1 Be1 46. Be3 c3 47. Kd3 Kd5 48. Bc1 Bd2 49. Bxd2 cxd2 50.
Kxd2 Kxd4 51. h4 Ke4 52. Ke2 Kf4 53. Kd3 Kg4 54. Kd4 Kxh4 55. Kc5 Kg5 56. Kxc6 h4 57. Kxb5 h3 58. Ka6 h2 59. b5 h1=Q 60. b6 Qa8+ 61. Kb5 Kf5 62. Kc5 Ke5 63. Kb4 Kd5 64. Kb5 Qb7 65. Kxa4 Kc5 66. Kb3 Qxb6+ 67. Ka2 Kc4 68. Ka1 Kc3 69. Ka2 Qb2# 0-1